 Dungeon Crawl Stone Soup version 0.17.1-3-g152610e (webtiles) character file.

228 Stendarr the Conjurer (level 5, -4/45 HPs)
             Began as a Troll Fire Elementalist on Apr 9, 2016.
             Slain by an ogre
             ... wielding a +0 giant spiked club
              (30 damage)
             ... on level 4 of the Dungeon.
             The game lasted 00:12:01 (2359 turns).

Stendarr the Conjurer (Troll Fire Elementalist)     Turns: 2359, Time: 00:12:02

Health: -4/45      AC:  5    Str: 16    XL:     5   Next: 70%
Magic:  1/5        EV: 13    Int: 12    God:
Gold:   261        SH:  0    Dex: 10    Spells: 2 memorised, 2 levels left

rFire  + . .     SeeInvis .     h - +2 short sword (speed)
rCold  . . .     Clarity  .     a - +0 robe
rNeg   . . .     SustAt   .     (no shield)
rPois  .         Gourm    +     (helmet restricted)
rElec  .         Spirit   .     (no cloak)
rCorr  .         Warding  .     (gloves unavailable)
rMut   .         Stasis   .     (boots unavailable)
MR     .....                    (no amulet)
Stlth  +.........               o - +4 ring of evasion
                                r - ring of protection from fire

@: not resistant to hostile enchantments, very unstealthy
A: unfitting armour, claws 3, fast metabolism 3, gourmand, regeneration 2,
shaggy fur 1, tough skin 2
a: no special abilities


You were on level 4 of the Dungeon.
You were very full.

You visited 1 branch of the dungeon, and saw 4 of its levels.

You collected 261 gold pieces.

Inventory:

Hand Weapons
 h - a +2 short sword of speed (weapon)
Armour
 a - a +0 robe (worn)
Jewellery
 i - an uncursed ring of protection from magic
 o - a +4 ring of evasion (right claw)
 r - a ring of protection from fire (left claw)
Wands
 q - a wand of polymorph (3)
Scrolls
 d - 4 scrolls of identify {unknown}
 k - a scroll of magic mapping {unknown}
 l - 2 scrolls of teleportation {unknown}
 s - a scroll of blinking {unknown}
 v - a scroll of enchant armour {unknown}
Potions
 e - 3 potions of ambrosia {unknown}
 f - 2 potions of might {unknown}
 g - 3 potions of curing {unknown}
 m - a potion of mutation {unknown}
 p - 2 potions of magic {unknown}
Books
 b - a book of Flames

   Spells                             Type                      Level
   a - Flame Tongue                   Conjuration/Fire             1
   b - Throw Flame                    Conjuration/Fire             2
   c - Conjure Flame                  Conjuration/Fire             3
   d - Inner Flame                    Hexes/Fire                   3
   e - Sticky Flame                   Conjuration/Fire             4
   f - Fireball                       Conjuration/Fire             5
 u - a book of the Sky

   Spells                             Type                      Level
   a - Summon Lightning Spire         Summoning/Air                4
   b - Airstrike                      Air                          4
   c - Silence                        Hexes/Air                    5
   d - Deflect Missiles               Charms/Air                   6
   e - Conjure Ball Lightning         Conjuration/Air              6
   f - Tornado                        Air                          9
Comestibles
 c - 3 bread rations
 j - a meat ration
 n - 2 fruits
 t - a royal jelly


   Skills:
 - Level 1.5 Dodging
 - Level 1.1 Stealth
 - Level 1.2 Spellcasting
 * Level 3.4 Conjurations
 + Level 3.3 Fire Magic


You had 2 spell levels left.
You knew the following spells:

 Your Spells              Type           Power        Failure   Level  Hunger
a - Flame Tongue          Conj/Fire      #....        10%         1    ##.....
b - Conjure Flame         Conj/Fire      #.......     24%         3    ####...


Dungeon Overview and Level Annotations

Branches:
Dungeon (4/15)
 Temple: D:4-7

Altars:
Nemelex Xobeh
Vehumet
The Shining One

Annotations:
D:3 Shenda's ghost, amateur HuFi


Innate Abilities, Weirdness & Mutations

You are too large for most types of armour.
You have claws for hands.
Your metabolism is lightning-fast.
You like to eat raw meat.
You heal very quickly.
You are covered in fur (AC +1).
You have very tough skin (AC +2).


Message History

Aim: an ogre, wielding a giant spiked club (moderately wounded)
The flame tongue misses the ogre.
Casting: Flame Tongue
Confirm with . or Enter, or press ? or * to list all spells.
Aiming: Flame Tongue
Press: ? - help, Shift-Dir - straight line, f/p - ogre
Aim: an ogre, wielding a giant spiked club (moderately wounded)
The flame tongue hits the ogre.
The ogre is moderately wounded.
The ogre hits you with a giant spiked club!!
Casting: Flame Tongue
Confirm with . or Enter, or press ? or * to list all spells.
Aiming: Flame Tongue
Press: ? - help, Shift-Dir - straight line, f/p - ogre
Aim: an ogre, wielding a giant spiked club (moderately wounded)
The flame tongue hits the ogre.
The ogre is severely wounded.
The ogre hits you with a giant spiked club!!
Ouch! That really hurt!
You die...

## ### ###
.####.##########.#
.................#
.#..#.##########.#
.#............ #.#
.#..#.######## #.#
.#..#.##.. ..# #.#####
.#..#.##.##.# #@....#
.#..#.##....# #O....#
.#.(#.##....# #.....#
.#..#.......# #.....#
)#..####....# #.....#
##..####....##.#.#..##
##..#............#..#
................>....
#...#.......##..


You could see an ogre.

Vanquished Creatures
  An iguana (D:4)
  Ijyb (D:2)
  A worker ant (D:4)
  8 adders
  2 worms
  4 giant geckos
  4 orcs (D:3)
  13 bats
  3 giant cockroaches
  7 hobgoblins
  8 kobolds
  A quokka (D:2)
  A ball python (D:2)
  A giant newt (D:3)
  8 goblins
  A quokka skeleton (D:4)
  5 rats
69 creatures vanquished.

Vanquished Creatures (others)
  A giant cockroach (D:2)
1 creature vanquished.

Grand Total: 70 creatures vanquished

Notes
Turn   | Place    | Note
--------------------------------------------------------------
     0 | D:1      | Stendarr the Troll Fire Elementalist began the quest for the Orb.
     0 | D:1      | Reached XP level 1. HP: 16/16 MP: 1/1
    26 | D:1      | Reached skill level 1 in Conjurations
   208 | D:1      | Reached XP level 2. HP: 22/24 MP: 2/2
   755 | D:1      | Reached XP level 3. HP: 21/31 MP: 3/3
   785 | D:1      | Learned a level 3 spell: Conjure Flame
  1048 | D:2      | Found a faded altar to an unknown god.
  1057 | D:2      | Found a radiant altar of Vehumet.
  1128 | D:2      | Reached XP level 4. HP: 13/39 MP: 0/4
  1387 | D:2      | Noticed Ijyb
  1463 | D:2      | Killed Ijyb
  1463 | D:2      | Reached skill level 3 in Fire Magic
  1481 | D:2      | Found a glowing golden altar of the Shining One.
  1650 | D:3      | Found a sparkling altar of Nemelex Xobeh.
  1711 | D:3      | Noticed Shenda's ghost (amateur HuFi)
  1739 | D:3      | Reached XP level 5. HP: 39/45 MP: 3/5
  2353 | D:4      | Noticed an ogre
  2359 | D:4      | Slain by an ogre

Action                   |  1- 3 |  4- 6 || total
-------------------------+-------+-------++-------
Melee: Unarmed           |    43 |     9 ||    52
       Short sword       |   116 |    87 ||   203
 Cast: Flame Tongue      |    10 |    44 ||    54
 Stab: Sleeping          |     2 |     2 ||     4
  Eat: Chunk             |    16 |    11 ||    27
